 Dungeon Crawl Stone Soup version 0.29-a0-219-g0a02b1cf4f (webtiles) character file.

Game seed: 997794272519490655

803 enile the Skirmisher (level 8, -5/68 HPs)
             Began as a Formicid Fighter on Feb 25, 2022.
             Was a Priest of Dithmenos.
             Slain by a vampire (9 damage)
             ... on level 5 of the Dungeon.
             The game lasted 00:14:28 (5243 turns).

enile the Skirmisher (Formicid Fighter)             Turns: 5243, Time: 00:14:28

Health: -5/68      AC: 12    Str: 20    XL:     8   Next: 14%
Magic:  8/8        EV:  5    Int:  9    God:    Dithmenos [***...]
Gold:   34         SH:  5    Dex: 12    Spells: 7/7 levels left

rFire   . . .      SeeInvis +   d - +2 halberd (vamp)
rCold   + . .      Faith    .   c - +0 buckler
rNeg    . . .      Spirit   .   w - +1 plate armour
rPois   .          Reflect  .   (helmet unavailable)
rElec   .          Harm     .   (no cloak)
rCorr   .          Rampage  .   (no gloves)
Will    .....                   (no boots)
Stlth   ..........              (no amulet)
HPRegen 0.21/turn               i - ring of protection from cold
MPRegen 0.11/turn               (no ring)

@: wreathed by umbra
A: permanent stasis, dig shafts and tunnels, antennae 3, four strong arms
a: Dig, Shaft Self, Renounce Religion, Shadow Step


You were on level 5 of the Dungeon.
You worshipped Dithmenos.
Dithmenos was most pleased with you.
You visited 1 branch of the dungeon, and saw 5 of its levels.

You collected 265 gold pieces.
You spent 231 gold pieces at shops.

Inventory:

Hand Weapons
 a - a +0 war axe
 d - a +2 vampiric halberd (weapon)
 r - a +0 battleaxe
Missiles
 m - 3 boomerangs (quivered)
Armour
 b - a +0 scale mail
 c - a +0 buckler (worn)
 k - a +0 chain mail
 s - a +0 scale mail
 w - a +1 plate armour (worn)
Jewellery
 i - a ring of protection from cold (left hand)
Scrolls
 e - 4 scrolls of immolation {unknown}
 h - 2 scrolls of enchant armour
 j - 2 scrolls of teleportation {unknown}
 l - 2 scrolls of torment {unknown}
 q - 2 scrolls of blinking {unknown}
 u - a scroll of fear
 v - a scroll of magic mapping
 x - 2 scrolls of brand weapon {unknown}
 y - a scroll of amnesia
 z - a scroll of enchant weapon {unknown}
 B - a scroll of silence {unknown}
 C - a scroll of acquirement {unknown}
Potions
 f - a potion of might


   Skills:
 + Level 7.9 Fighting
 - Level 2.0(2.2) Axes
 - Level 1.4(2.0) Polearms
 - Level 3.0 Throwing
 - Level 4.0 Armour
 - Level 4.0 Stealth
 - Level 4.0 Shields


You had 7 spell levels left.
You didn't know any spells.
Your spell library contained the following spells:

 Spells                   Type           Power      Damage    Failure   Level
 Animate Skeleton         Necr           0%         N/A       100%        1
 Apportation              Tloc           0%         N/A       100%        1
 Shock                    Conj/Air       0%         1d3       100%        1
 Summon Small Mammal      Summ           0%         N/A       100%        1
 Conjure Flame            Conj/Fire      0%         6-21      100%        3
 Ignite Poison            Fire/Tmut/Pois 0%         N/A       100%        3
 Sticky Flame             Conj/Fire      0%         2d3       100%        4


Dungeon Overview and Level Annotations

Branches:
Dungeon (5/15)
 Temple: D:4-7

Altars:
Dithmenos

Shops:
D:5 ?


Innate Abilities, Weirdness & Mutations

You cannot be hasted, slowed, berserked, paralysed or teleported.
You can dig through walls and to a lower floor.
You have a pair of large antennae on your head. (SInv)
Your four strong arms can wield two-handed weapons with a shield.


Message History

The vampire draws strength from your injuries!
Welcome back, enile the Formicid Fighter.
Dithmenos says: Spread the eternal night.
Press ? for a list of commands and other information.
You closely miss the vampire.
The vampire is heavily damaged.
The vampire hits you but does no damage.
The vampire bites you!
* * * LOW HITPOINT WARNING * * *
The vampire draws strength from your injuries!
The vampire draws life force from you.
* * * LOW HITPOINT WARNING * * *
The vampire is healed by the life force!
Okay, then.
You feel very mighty all of a sudden.
The vampire hits you but does no damage.
You block the vampire's attack.
You hit the vampire.
The vampire is heavily damaged.
The vampire hits you but does no damage.
You block the vampire's attack.
You closely miss the vampire.
The vampire is heavily damaged.
The vampire hits you but does no damage.
The vampire bites you but does no damage.
The vampire points at you and mumbles some strange words.
You are confused.
You cannot move. (Use ctrl+direction or * direction to attack without moving.)
You barely miss the vampire.
The vampire is heavily damaged.
The vampire hits you.
* * * LOW HITPOINT WARNING * * *
The vampire bites you but does no damage.
Your magical effects are unravelling.
You feel magically purged.
You feel less wooden.
Your +1 plate armour unmelds from your body.
You feel less confused.
You feel a little less mighty now. The vampire hits you!
You die...

### #.# #.######### ..#
#.......... #.# #.######### #.#
#.# #.# #.# ##### #.# #.#
....###.#############.#
..............@.....>.#
###.###.#####.V.####..# #.# #.#
#...# #..# #.# #.# #...#
#..######### #####.###.#####...#
#..#........
........l...V.....####..#.#######
#####.###..5............#.# #.#
#######.######.##.# #.# #..#
#.##.######


You could see a vampire.

Vanquished Creatures
  A black bear (D:3)
  A necrophage (D:5)
  A gnoll sergeant (D:5)
  2 scorpions (D:5)
  2 jellies (D:5)
  A hound (D:5)
  Terence (D:3)
  An orc wizard (D:3)
  Natasha (D:1)
  13 gnolls
  8 adders
  A worm (D:3)
  2 dart slugs (D:2)
  4 orcs
  4 ball pythons
  7 endoplasms
  4 giant cockroaches
  2 goblins
  7 hobgoblins
  4 jackals (D:3)
  8 quokkas
  A bat (D:2)
  A frilled lizard (D:2)
  5 kobolds
  8 rats
90 creatures vanquished.

Notes
Turn   | Place    | Note
-------+----------+-------------------------------------------
     0 | D:1      | enile the Formicid Fighter began the quest for the Orb.
     0 | D:1      | Reached XP level 1. HP: 18/18 MP: 1/1
   190 | D:1      | Reached XP level 2. HP: 18/25 MP: 2/2
   329 | D:1      | Reached skill level 4 in Fighting
   345 | D:1      | Found a faded altar of an unknown god.
   353 | D:1      | Got Plato's Compendium of Weightlessness
   362 | D:1      | Prayed at the altar of an unknown god.
   362 | D:1      | Became a worshipper of Dithmenos the Shadowed
   362 | D:1      | Reached * piety under Dithmenos
   702 | D:2      | Reached XP level 3. HP: 18/31 MP: 3/3
   922 | D:1      | Reached skill level 5 in Fighting
  1137 | D:2      | Noticed Natasha
  1138 | D:2      | Reached XP level 4. HP: 39/39 MP: 4/4
  1224 | D:1      | Killed Natasha
  1479 | D:2      | Reached ** piety under Dithmenos
  1487 | D:2      | Reached XP level 5. HP: 36/46 MP: 5/5
  2625 | D:2      | Reached skill level 6 in Fighting
  2727 | D:3      | Reached skill level 1 in Stealth
  3298 | D:3      | Reached XP level 6. HP: 52/52 MP: 6/6
  3447 | D:3      | Noticed Terence
  3449 | D:3      | Killed Terence
  3868 | D:4      | Noticed a black bear
  4110 | D:3      | Killed a black bear
  4218 | D:4      | Reached XP level 7. HP: 53/59 MP: 7/7
  4548 | D:5      | Entered Level 5 of the Dungeon
  4576 | D:5      | Reached skill level 7 in Fighting
  4577 | D:5      | Reached skill level 1 in Throwing
  4577 | D:5      | Noticed a vampire
  4764 | D:5      | Reached *** piety under Dithmenos
  4765 | D:5      | Reached skill level 1 in Polearms
  4778 | D:5      | Reached XP level 8. HP: 67/67 MP: 8/8
  4783 | D:5      | Found Kiyrerphu's Magic Scroll Shoppe.
  4791 | D:5      | Bought 2 scrolls of fear for 98 gold pieces
  4791 | D:5      | Bought a scroll of identify for 28 gold pieces
  4791 | D:5      | Bought a scroll of enchant armour for 105 gold pieces
  5097 | D:5      | Found a shadowy altar of Dithmenos.
  5243 | D:5      | Slain by a vampire

Illustrated notes

Levels and vault maps discovered:
D:1:      giann_wishing_wells, layout_rooms,
          shapermc_ecumenical_altar_rom_forum, glass_columns_c,
          minmay_box_of_dots
D:2:      layout_basic, minmay_fractal_squares_5, uniq_natasha
D:3:      layout_loops_corners, uniq_terence
D:4:      layout_cave_pools, st_stairs_9
D:5:      layout_basic, pf_just_have_faith, serial_shops, shop,
          gammafunk_ghost_smash

Skill      XL: |  1  2  3  4  5  6  7 |
---------------+----------------------+-----
Fighting       | 4 5 6 7 |  7.9
Shields        | 4 |  4.0
Stealth        | 3 4 |  4.0
Armour         | 4 |  4.0
Throwing       | 3 |  3.0
Polearms       | 1 |  1.4
Axes           | |  2.0

Action                   |  1- 3 |  4- 6 |  7- 9 || total
-------------------------+-------+-------+-------++-------
Melee: War axe           |    74 |    48 |       ||   122
       Halberd           |       |    96 |    53 ||   149
Throw: Dart              |       |     7 |     4 ||    11
       Javelin           |       |       |     6 ||     6
       Boomerang         |       |       |     4 ||     4
 Abil: Dig               |       |     1 |       ||     1
  Use: Scroll            |     1 |       |     6 ||     7
       Potion            |       |     3 |     7 ||    10
Armor: Scale mail        |    11 |     2 |       ||    13
       Chain mail        |    30 |    47 |       ||    77
       Plate armour      |       |    21 |    29 ||    50
       Skin              |       |       |     9 ||     9
Dodge: Dodged            |    34 |    68 |    13 ||   115
Block: Buckler           |    26 |    36 |    11 ||    73

Table legend: (Time is in decaauts)
 A = Elapsed time spent in this place.
 B = Non-inter-level travel time spent in this place.
 C = Inter-level travel time spent in this place.
 D = Time resting spent in this place.
 E = Time spent auto-exploring this place.
 F = Levels seen in this place.
 G = Mean time per level.
                   A        B        C        D        E       F      G
               +--------+--------+--------+--------+--------+-----+--------+
         Total |   5375 |   5196 |    179 |   1306 |   2896 |   5 | 1075.0 |
       Dungeon |   5375 |   5196 |    179 |   1306 |   2896 |   5 | 1075.0 |
               +--------+--------+--------+--------+--------+-----+--------+

Top non-repeatable levels by time:
     D:1: 1699 daAuts
     D:3: 1359 daAuts
     D:2: 1066 daAuts
     D:5: 688 daAuts
     D:4: 561 daAuts
